| TOP OF THE 1ST |
|
University of Virginia Cavaliers batting - Pitching for University of Nebraska Cornhuskers : RHP Chris Brumfiel
|
|
Pitching: RHP Chris Brumfiel
|
|
|
Batting: RHB Scott Anderson
|
0-0: Ground out 5-3 (Groundball, 56S, EV 78.1 MPH)
|
|
Batting: RHB Pedro Lopez
|
0-0: Swinging Strike 0-1: Foul Ball, location: 2F 0-2: Ball 1-2: Strikes out looking
|
|
Batting: RHB Jose Velez
|
0-0: Foul Ball, location: 2F 0-1: Ball 1-1: Ball 2-1: Ball 3-1: Foul Ball, location: 2F 3-2: Base on Balls
|
|
Batting: LHB Edelberto Barbas
|
0-0: Ball 1-0: Fly out, F8 (Flyball, 8RD, EV 101.2 MPH)
|
| Top of the 1st over - 0 runs, 0 hits, 0 errors, 1 left on base; University of Virginia 0 - University of Nebraska 0 |
| BOTTOM OF THE 1ST |
|
University of Nebraska Cornhuskers batting - Pitching for University of Virginia Cavaliers : RHP Fita Muzorewa
|
|
Pitching: RHP Fita Muzorewa
|
|
|
Batting: RHB Chris Anthony
|
0-0: Ball 1-0: SINGLE (Groundball, 6MD, EV 100.6 MPH)
|
|
Batting: RHB Quentin Howland
|
0-0: Ball 1-0: Ground out 5-3 (Groundball, 56S, EV 67.5 MPH) Chris Anthony to second
|
|
Batting: LHB Stu Proulx
|
0-0: Ball 1-0: Called Strike 1-1: Ball 2-1: Ball 3-1: Foul Ball, location: 2F 3-2: Ground out 5-3 (Groundball, 5, EV 85.0 MPH)
|
|
Batting: LHB Lupe Garcia
|
0-0: Foul Ball, location: 2F 0-1: SINGLE (Line Drive, 9S, EV 108.8 MPH) Chris Anthony to third Runner from 3rd tries for Home, SAFE, throw by RF to home Lupe Garcia to second
|
|
Batting: LHB Jose Gonzalez
|
0-0: Ball 1-0: Called Strike 1-1: Swinging Strike 1-2: Foul Ball, location: 2F 1-2: DOUBLE (Flyball, 8LXD, EV 115.0 MPH) Lupe Garcia scores
|
|
Batting: SHB Kent Worboys
|
0-0: Ball 1-0: Swinging Strike 1-1: Called Strike 1-2: Ball 2-2: Strikes out swinging
|
| Bottom of the 1st over - 2 runs, 3 hits, 0 errors, 1 left on base; University of Virginia 0 - University of Nebraska 2 |
| TOP OF THE 2ND |
|
University of Virginia Cavaliers batting - Pitching for University of Nebraska Cornhuskers : RHP Chris Brumfiel
|
|
Batting: RHB Mike Llamas
|
0-0: Ball 1-0: Ball 2-0: Foul Ball, location: 2F 2-1: SINGLE (Line Drive, 8LS, EV 91.9 MPH)
|
|
Batting: LHB Alex Aguilar
|
0-0: Ball 1-0: Ball 2-0: Called Strike 2-1: Called Strike 2-2: Foul Ball, location: 2F 2-2: Strikes out swinging
|
|
Batting: SHB Mink Hendriks
|
0-0: Called Strike Mike Llamas steals 2nd, throwing error, E2 Mike Llamas to third 0-1: SINGLE (Flyball, 56D, EV 90.0 MPH) Mike Llamas scores
|
|
Batting: RHB Nick Cech
|
0-0: Ball 1-0: Ball 2-0: Ball 3-0: Base on Balls Mink Hendriks to second
|
|
Batting: LHB Pat Costello
|
0-0: Ball 1-0: DOUBLE (Line Drive, 78D, EV 101.2 MPH) Mink Hendriks scores Nick Cech to third
|
|
Batting: RHB Scott Anderson
|
0-0: Ball 1-0: DOUBLE (Flyball, 89D, EV 113.8 MPH) Nick Cech scores Pat Costello scores
|
|
Batting: RHB Pedro Lopez
|
0-0: Called Strike 0-1: Ball 1-1: Ball 2-1: Ball 3-1: Reached on error, E6 (Groundball, 56, EV 90.0 MPH) Scott Anderson to third
|
|
Batting: RHB Jose Velez
|
0-0: Ball Pedro Lopez is caught stealing 2nd base 2-4 1-0: Called Strike 1-1: Ball 2-1: Foul Ball, location: 2F 2-2: Ball 3-2: Base on Balls
|
|
Batting: LHB Edelberto Barbas
|
0-0: Swinging Strike 0-1: Foul Ball, location: 2F 0-2: Ball 1-2: Strikes out swinging
|
| Top of the 2nd over - 4 runs, 4 hits, 2 errors, 2 left on base; University of Virginia 4 - University of Nebraska 2 |
| BOTTOM OF THE 2ND |
|
University of Nebraska Cornhuskers batting - Pitching for University of Virginia Cavaliers : RHP Fita Muzorewa
|
|
Batting: LHB Bob Appleby
|
0-0: Ball 1-0: Foul Ball, location: 2F 1-1: Foul Ball, location: 2F 1-2: Strikes out looking
|
|
Batting: RHB Mario Lopec
|
0-0: Ball 1-0: Called Strike 1-1: Ball 2-1: Swinging Strike 2-2: Ball 3-2: Foul Ball, location: 2F 3-2: Strikes out looking
|
|
Batting: RHB Danny Forbes
|
0-0: Ball 1-0: Foul Ball, location: 2F 1-1: Ball 2-1: Foul Ball, location: 2F 2-2: Foul Ball, location: 2F 2-2: Ground out 6-3 (Groundball, 6, EV 93.1 MPH)
|
| Bottom of the 2nd over - 0 runs, 0 hits, 0 errors, 0 left on base; University of Virginia 4 - University of Nebraska 2 |
| TOP OF THE 3RD |
|
University of Virginia Cavaliers batting - Pitching for University of Nebraska Cornhuskers : RHP Chris Brumfiel
|
|
Batting: RHB Mike Llamas
|
0-0: Ball 1-0: Ground out 6-3 (Groundball, 6, EV 100.0 MPH)
|
|
Batting: LHB Alex Aguilar
|
0-0: Ball 1-0: Hit by Pitch
|
|
Batting: SHB Mink Hendriks
|
0-0: Called Strike 0-1: Foul Ball, location: 2F 0-2: Fly out, F7 (Flyball, 7, EV 73.1 MPH)
|
|
Batting: RHB Nick Cech
|
0-0: Ball 1-0: Ball 2-0: Called Strike 2-1: Swinging Strike 2-2: Fly out, F8 (Flyball, 8LD, EV 100.6 MPH)
|
| Top of the 3rd over - 0 runs, 0 hits, 0 errors, 1 left on base; University of Virginia 4 - University of Nebraska 2 |
| BOTTOM OF THE 3RD |
|
University of Nebraska Cornhuskers batting - Pitching for University of Virginia Cavaliers : RHP Fita Muzorewa
|
|
Batting: RHB Chris Anthony
|
0-0: Ground out 4-3 (Groundball, 4, EV 100.6 MPH)
|
|
Batting: RHB Quentin Howland
|
0-0: Ball 1-0: Ball 2-0: SINGLE (Line Drive, 5D, EV 95.6 MPH)
|
|
Batting: LHB Stu Proulx
|
0-0: Called Strike 0-1: Fly out, F8 (Flyball, 8RD, EV 86.2 MPH)
|
|
Batting: LHB Lupe Garcia
|
0-0: Called Strike 0-1: Foul Ball, location: 2F 0-2: Ball 1-2: Ball 2-2: Strikes out swinging
|
| Bottom of the 3rd over - 0 runs, 1 hit, 0 errors, 1 left on base; University of Virginia 4 - University of Nebraska 2 |
| TOP OF THE 4TH |
|
University of Virginia Cavaliers batting - Pitching for University of Nebraska Cornhuskers : RHP Chris Brumfiel
|
|
Batting: LHB Pat Costello
|
0-0: Ball 1-0: Called Strike 1-1: Foul Ball, location: 2F 1-2: Foul Ball, location: 2F 1-2: Fly out, F8 (Line Drive, 8RD, EV 90.6 MPH)
|
|
Batting: RHB Scott Anderson
|
0-0: Ball 1-0: Ball 2-0: SINGLE (Groundball, 13, EV 89.4 MPH) (infield hit)
|
|
Batting: RHB Pedro Lopez
|
0-0: Ball 1-0: Ball 2-0: Fielders Choice at 2nd, 5-4 (Groundball, 56, EV 101.2 MPH)
|
|
Batting: RHB Jose Velez
|
0-0: Called Strike 0-1: Fly out, F8 (Flyball, 78M, EV 87.5 MPH)
|
| Top of the 4th over - 0 runs, 1 hit, 0 errors, 1 left on base; University of Virginia 4 - University of Nebraska 2 |
| BOTTOM OF THE 4TH |
|
University of Nebraska Cornhuskers batting - Pitching for University of Virginia Cavaliers : RHP Fita Muzorewa
|
|
Batting: LHB Jose Gonzalez
|
0-0: Ground out 4-3 (Groundball, 4M, EV 82.5 MPH)
|
|
Batting: SHB Kent Worboys
|
0-0: Fly out, F7 (Flyball, 78S, EV 88.1 MPH)
|
|
Batting: LHB Bob Appleby
|
0-0: Ball 1-0: Called Strike 1-1: Called Strike 1-2: Strikes out swinging
|
| Bottom of the 4th over - 0 runs, 0 hits, 0 errors, 0 left on base; University of Virginia 4 - University of Nebraska 2 |
| TOP OF THE 5TH |
|
University of Virginia Cavaliers batting - Pitching for University of Nebraska Cornhuskers : RHP Chris Brumfiel
|
|
Batting: LHB Edelberto Barbas
|
0-0: Ball 1-0: Ball 2-0: Fly out, F8 (Flyball, 8LM, EV 89.4 MPH)
|
|
Pitching: RHP Bastião Barrocas
|
|
|
Batting: RHB Mike Llamas
|
0-0: Ball 1-0: Ball 2-0: Foul Ball, location: 2F 2-1: Called Strike 2-2: Foul Ball, location: 2F 2-2: Ball 3-2: Strikes out swinging
|
|
Batting: LHB Alex Aguilar
|
0-0: Foul Ball, location: 2F 0-1: Ground out 4-3 (Groundball, 4, EV 78.8 MPH)
|
| Top of the 5th over - 0 runs, 0 hits, 0 errors, 0 left on base; University of Virginia 4 - University of Nebraska 2 |
| BOTTOM OF THE 5TH |
|
University of Nebraska Cornhuskers batting - Pitching for University of Virginia Cavaliers : RHP Fita Muzorewa
|
|
Batting: RHB Mario Lopec
|
0-0: Ball 1-0: SINGLE (Groundball, 25, EV 73.1 MPH) (infield hit)
|
|
Batting: RHB Danny Forbes
|
0-0: Fielders Choice at 2nd, 4-6 (Groundball, 4, EV 86.2 MPH)
|
|
Batting: RHB Chris Anthony
|
0-0: Fly out, F3 (Popup, 3SF, EV 82.5 MPH)
|
|
Batting: RHB Quentin Howland
|
0-0: Fielders Choice at 2nd, 5-4 (Groundball, 56, EV 105.6 MPH)
|
| Bottom of the 5th over - 0 runs, 1 hit, 0 errors, 1 left on base; University of Virginia 4 - University of Nebraska 2 |
| TOP OF THE 6TH |
|
University of Virginia Cavaliers batting - Pitching for University of Nebraska Cornhuskers : RHP Bastião Barrocas
|
|
Batting: SHB Mink Hendriks
|
0-0: Called Strike 0-1: Called Strike 0-2: Ball 1-2: Strikes out looking
|
|
Batting: RHB Nick Cech
|
0-0: Called Strike 0-1: DOUBLE (Line Drive, 89D, EV 106.2 MPH)
|
|
Batting: LHB Pat Costello
|
0-0: Ball 1-0: Called Strike 1-1: Called Strike 1-2: Ball 2-2: Strikes out swinging
|
|
Batting: RHB Scott Anderson
|
0-0: Called Strike 0-1: Foul Ball, location: 2F 0-2: Ground out 3-1 (Groundball, 13, EV 80.0 MPH)
|
| Top of the 6th over - 0 runs, 1 hit, 0 errors, 1 left on base; University of Virginia 4 - University of Nebraska 2 |
| BOTTOM OF THE 6TH |
|
University of Nebraska Cornhuskers batting - Pitching for University of Virginia Cavaliers : RHP Fita Muzorewa
|
|
Batting: LHB Stu Proulx
|
0-0: Ground out 3-1 (Groundball, 34S, EV 73.8 MPH)
|
|
Batting: LHB Lupe Garcia
|
0-0: Ball 1-0: Ball 2-0: Foul Ball, location: 2F 2-1: Foul Ball, location: 2F 2-2: Strikes out swinging
|
|
Batting: LHB Jose Gonzalez
|
0-0: Ball 1-0: Called Strike 1-1: Swinging Strike 1-2: Fly out, F5 (Popup, 5S, EV 76.2 MPH)
|
| Bottom of the 6th over - 0 runs, 0 hits, 0 errors, 0 left on base; University of Virginia 4 - University of Nebraska 2 |
| TOP OF THE 7TH |
|
University of Virginia Cavaliers batting - Pitching for University of Nebraska Cornhuskers : RHP Bastião Barrocas
|
|
Batting: RHB Pedro Lopez
|
0-0: Ground out 4-3 (Groundball, 4, EV 80.0 MPH)
|
|
Batting: RHB Jose Velez
|
0-0: Swinging Strike 0-1: Ball 1-1: Foul Ball, location: 2F 1-2: Ball 2-2: Strikes out swinging
|
|
Batting: LHB Edelberto Barbas
|
0-0: Ball 1-0: Ball 2-0: Called Strike 2-1: Called Strike 2-2: Ground out 6-3 (Groundball, 6, EV 85.6 MPH)
|
| Top of the 7th over - 0 runs, 0 hits, 0 errors, 0 left on base; University of Virginia 4 - University of Nebraska 2 |
| BOTTOM OF THE 7TH |
|
University of Nebraska Cornhuskers batting - Pitching for University of Virginia Cavaliers : RHP Fita Muzorewa
|
|
Batting: SHB Kent Worboys
|
0-0: Foul Ball, location: 2F 0-1: Foul Ball, location: 2F 0-2: Ball 1-2: Strikes out looking
|
|
Pitching: RHP Mark Odom
|
|
|
Batting: LHB Bob Appleby
|
0-0: Called Strike 0-1: Foul Ball, location: 2F 0-2: Ball 1-2: Strikes out looking
|
|
Batting: RHB Mario Lopec
|
0-0: Called Strike 0-1: Foul Ball, location: 2F 0-2: Ball 1-2: Ball 2-2: Strikes out swinging
|
| Bottom of the 7th over - 0 runs, 0 hits, 0 errors, 0 left on base; University of Virginia 4 - University of Nebraska 2 |
| TOP OF THE 8TH |
|
University of Virginia Cavaliers batting - Pitching for University of Nebraska Cornhuskers : RHP Bastião Barrocas
|
|
Batting: RHB Mike Llamas
|
0-0: Called Strike 0-1: Ball 1-1: Fly out, F9 (Flyball, 9, EV 73.1 MPH)
|
|
Batting: LHB Alex Aguilar
|
0-0: Swinging Strike 0-1: Called Strike 0-2: Ball 1-2: Strikes out swinging
|
|
Batting: SHB Mink Hendriks
|
0-0: Ball 1-0: Called Strike 1-1: Ball 2-1: Ball 3-1: Called Strike 3-2: Foul Ball, location: 2F 3-2: Foul Ball, location: 2F 3-2: Strikes out swinging
|
| Top of the 8th over - 0 runs, 0 hits, 0 errors, 0 left on base; University of Virginia 4 - University of Nebraska 2 |
| BOTTOM OF THE 8TH |
|
University of Nebraska Cornhuskers batting - Pitching for University of Virginia Cavaliers : RHP Mark Odom
|
|
Pinch Hitting: SHB Gary Luckwell
|
0-0: Called Strike 0-1: Ball 1-1: Ground out U3 (Groundball, 34, EV 87.5 MPH)
|
|
Pinch Hitting: LHB Avicenna Abdul-Muta'al
|
0-0: Foul Ball, location: 2F 0-1: Foul Ball, location: 2F 0-2: Ball 1-2: Ball 2-2: Ball 3-2: DOUBLE (Flyball, 78D, EV 110.0 MPH)
|
|
Pinch Hitting: RHB Robby Arce
|
0-0: Ball 1-0: Swinging Strike 1-1: Swinging Strike 1-2: Strikes out swinging
|
|
Pinch Hitting: RHB Aidan Collet
|
0-0: Ball 1-0: Ball 2-0: Swinging Strike 2-1: Ball 3-1: Base on Balls
|
|
Pinch Hitting: RHB David Arevalo
|
0-0: Fly out, F8 (Flyball, 8RXD, EV 95.6 MPH)
|
| Bottom of the 8th over - 0 runs, 1 hit, 0 errors, 2 left on base; University of Virginia 4 - University of Nebraska 2 |
| TOP OF THE 9TH |
|
University of Virginia Cavaliers batting - Pitching for University of Nebraska Cornhuskers : RHP Bastião Barrocas
|
|
Pitching: RHP Frank Saslove
|
|
|
Now at C: Will England
|
|
|
Now at 3B: Tim Bond
|
|
|
Now at SS: Rob Bryan
|
|
|
Now in LF: Aidan Collet
|
|
|
Now in CF: Andy Henn
|
|
|
Pinch Hitting: RHB Jason Lambert
|
0-0: Swinging Strike 0-1: Foul Ball, location: 2F 0-2: Ball 1-2: Fly out, F8 (Flyball, 8RD, EV 78.8 MPH)
|
|
Batting: LHB Ray Nichter
|
0-0: Foul Ball, location: 2F 0-1: Foul Ball, location: 2F 0-2: Ball 1-2: Strikes out swinging
|
|
Batting: RHB Scott Anderson
|
0-0: Foul Ball, location: 2F 0-1: Ground out 4-3 (Groundball, 4, EV 106.9 MPH)
|
| Top of the 9th over - 0 runs, 0 hits, 0 errors, 0 left on base; University of Virginia 4 - University of Nebraska 2 |
| BOTTOM OF THE 9TH |
|
University of Nebraska Cornhuskers batting - Pitching for University of Virginia Cavaliers : RHP Mark Odom
|
|
Pitching: RHP Jesus Castaneda
|
|
|
Now at 3B: Allen McCaskill
|
|
|
Now in RF: Luke Bertrand
|
|
|
Pinch Hitting: RHB Salvador Guillen
|
0-0: Called Strike 0-1: Foul Ball, location: 2F 0-2: Ball 1-2: Foul Ball, location: 2F 1-2: Foul Ball, location: 2F 1-2: Foul Ball, location: 2F 1-2: Ball 2-2: Fly out, F4 (Line Drive, 4, EV 63.1 MPH)
|
|
Batting: LHB Alfonso Escalante
|
0-0: Called Strike 0-1: Ball 1-1: Ball 2-1: Foul Ball, location: 2F 2-2: Foul Ball, location: 2F 2-2: Foul Ball, location: 2F 2-2: Ball 3-2: Strikes out swinging
|
|
Pinch Hitting: RHB Jason Blakeley
|
0-0: Called Strike 0-1: Ball 1-1: Ball 2-1: Ground out 6-3 (Groundball, 6, EV 81.9 MPH)
|
| Bottom of the 9th over - 0 runs, 0 hits, 0 errors, 0 left on base; University of Virginia 4 - University of Nebraska 2 |
|